 Dungeon Crawl Stone Soup version 0.19.0-23-gf02e663 (webtiles) character file.

979 tboon the Shield-Bearer (level 8, -4/64 HPs)
             Began as a Formicid Fighter on Nov 20, 2016.
             Slain by an orc warrior
             ... wielding a +0 scimitar
              (16 damage)
             ... on level 4 of the Dungeon.
             The game lasted 00:09:21 (4114 turns).

tboon the Shield-Bearer (Formicid Fighter)          Turns: 4114, Time: 00:09:22

Health: -4/64      AC: 11    Str: 20    XL:     8   Next: 40%
Magic:  8/8        EV:  7    Int:  9    God:
Gold:   169        SH: 10    Dex: 12    Spells: 0 memorised, 7 levels left

rFire  . . .     SeeInvis +     a - +0 war axe
rCold  . . .     Gourm    .     u - +0 chain mail
rNeg   . . .     Faith    .     c - +0 shield
rPois  .         Spirit   .     (helmet unavailable)
rElec  .         Reflect  .     s - +0 cloak
rCorr  .         Harm     .     (no gloves)
MR     .....                    (no boots)
Stlth  ..........               (no amulet)
                                (no ring)
                                (no ring)

@: no status effects
A: permanent stasis, dig shafts and tunnels, four strong arms, antennae 3
a: Dig, Shaft Self


You were on level 4 of the Dungeon.
You were not hungry.

You visited 1 branch of the dungeon, and saw 4 of its levels.

You collected 169 gold pieces.

Inventory:

Hand Weapons
 a - a +0 war axe (weapon)
Armour
 b - a +0 scale mail
 c - a +0 shield (worn)
 s - a +0 cloak (worn)
   (You found it on level 2 of the Dungeon)
 u - a +0 chain mail (worn)
   (You found it on level 3 of the Dungeon)
Jewellery
 t - a cursed ring of teleportation {unknown}
   (You found it on level 2 of the Dungeon)
Wands
 C - a wand of polymorph (11/24)
   (You found it on level 3 of the Dungeon)
Scrolls
 i - a scroll of teleportation {unknown}
 j - a scroll of enchant armour {unknown}
 o - 2 scrolls of recharging {unknown}
 p - a scroll of noise {unknown}
 v - a scroll of remove curse {unknown}
 y - a scroll of fear {unknown}
Potions
 d - a potion of ambrosia {unknown}
 e - a potion of agility {unknown}
 g - a potion of mutation {unknown}
 h - 2 potions of curing
 k - 2 potions of haste {unknown}
 m - 2 potions of brilliance
 n - a potion of magic {unknown}
 x - a potion of lignification {unknown}
 A - a potion of degeneration {unknown}
Comestibles
 f - 4 bread rations
 q - 5 fruits
 z - a royal jelly
 B - a meat ration


   Skills:
 + Level 6.0 Fighting
 + Level 4.7 Axes
 + Level 6.1 Armour
 + Level 6.5 Shields


You had 7 spell levels left.
You didn't know any spells.

Dungeon Overview and Level Annotations

Branches:
Dungeon (4/15)
 Temple: D:4-7

Altars:
Fedhas
Trog
Vehumet
The Shining One


Innate Abilities, Weirdness & Mutations

You are under a permanent stasis effect.
You can dig through walls and to a lower floor.
Your four strong arms can wield two-handed weapons with a shield.
You have a pair of large antennae on your head. (SInv)


Message History

You kill the orc wizard!
Your Fighting skill increases to level 6!
You see here a short sword.
Things that are here:
a dagger; a robe
Things that are here:
a dagger; a robe You see here a short sword.
You start resting.
HP restored.
h - 3 potions of curing (gained 1)
You sense a monster nearby.
i - a scroll labeled NIFICU ISUAMNO You sense a monster nearby.
A leopard gecko and an orc come into view.
The leopard gecko hisses angrily. 2 orcs come into view.
The orc shouts! x2
You block the orc's attack.
A leopard gecko and an orc warrior come into view.
The leopard gecko hisses angrily.
The orc warrior shouts!
You slash the orc!
You kill the orc!
The orc throws a tomahawk.
You block the tomahawk.
You see here a leather armour.
You hit the orc warrior but do no damage.
You block the orc warrior's attack.
You hit the orc warrior.
The orc warrior is lightly wounded.
You slash the orc!
You kill the orc!
The orc throws a tomahawk.
The tomahawk barely misses you. You block the leopard gecko's attack.
The orc warrior hits you with a scimitar!!
You hit the orc warrior.
The orc warrior is moderately wounded.
You hit the leopard gecko.
The orc throws a tomahawk.
The tomahawk hits you but does no damage.
You block the leopard gecko's attack.
The orc warrior hits you with a scimitar.
Your chain mail prevents you from hitting the leopard gecko.
The leopard gecko is almost dead.
You hit the leopard gecko.
You hit the orc warrior but do no damage.
The leopard gecko bites you but does no damage.
The leopard gecko barely misses you.
The orc warrior hits you with a scimitar.
The orc hits you but does no damage.
The leopard gecko bites you but does no damage.
You are too injured to fight recklessly!
You completely miss the orc warrior.
The orc warrior is moderately wounded.
You hit the leopard gecko. You completely miss the leopard gecko.
You hit the orc. You block the leopard gecko's attack.
The leopard gecko bites you but does no damage.
You block the leopard gecko's attack.
The orc warrior hits you with a scimitar.
The orc hits you but does no damage.
You hit the orc warrior but do no damage.
The orc warrior is moderately wounded.
Your chain mail prevents you from hitting the orc.
You slash the leopard gecko!
You kill the leopard gecko!
You slash the leopard gecko!
You kill the leopard gecko!
The orc warrior barely misses you. You block the orc's attack.
You closely miss the orc warrior.
The orc warrior is moderately wounded.
You barely miss the orc. The orc hits you but does no damage.
The orc warrior hits you with a scimitar!!
* * * LOW HITPOINT WARNING * * *
You closely miss the orc warrior.
The orc warrior is moderately wounded.
You barely miss the orc. The orc barely misses you.
You block the orc warrior's attack.
You barely miss the orc warrior.
The orc warrior is moderately wounded.
Your shield and chain mail prevent you from hitting the orc.
The orc hits you but does no damage.
The orc warrior hits you with a scimitar!
* * * LOW HITPOINT WARNING * * *
You block the orc's attack.
You feel better. You block the orc warrior's attack.
The orc hits you but does no damage.
You hit the orc.
The orc is heavily wounded.
You closely miss the orc warrior. You block the orc warrior's attack.
The orc hits you but does no damage.
Your shield and chain mail prevent you from hitting the orc.
The orc is heavily wounded.
You hit the orc warrior but do no damage.
You block the orc warrior's attack. The orc hits you but does no damage.
You slash the orc!
You kill the orc!
You hit the orc warrior but do no damage.
You block the orc warrior's attack.
You slash the orc warrior!
The orc warrior is severely wounded.
The orc warrior hits you with a scimitar!
You die...

.... ##..............#...
.... #..........#####...
..... #..........#####...
.....##..................
........##.......#####.##
.......................#
.?.(....################
.......(## ....##..@#
........o)......
##.......#......
#..............
#..............
#.............#
..............#
..............#


You could see an orc warrior.

Vanquished Creatures
  The ghost of Placid the Cleaver, a novice HOWr (D:4)
  Grinder (D:3)
  An ogre (D:4)
  2 orc priests (D:3)
  Crazy Yiuf (D:3)
  An iguana (D:4)
  3 orc wizards
  2 worker ants (D:4)
  5 adders
  2 worms (D:3)
  A dart slug (D:3)
  3 leopard geckos
  12 orcs
  A giant cockroach (D:3)
  8 goblins
  11 hobgoblins
  5 jackals (D:3)
  9 kobolds
  A quokka (D:3)
  A ball python (D:1)
  8 bats
  3 frilled lizards
  10 rats
92 creatures vanquished.

Vanquished Creatures (others)
  4 toadstools (D:1)
4 creatures vanquished.

Grand Total: 96 creatures vanquished

Notes
Turn   | Place    | Note
-------+----------+-------------------------------------------
     0 | D:1      | tboon the Formicid Fighter began the quest for the Orb.
     0 | D:1      | Reached XP level 1. HP: 18/18 MP: 1/1
   196 | D:1      | Reached XP level 2. HP: 24/24 MP: 2/2
   588 | D:1      | Reached XP level 3. HP: 26/30 MP: 3/3
   842 | D:2      | Found a radiant altar of Vehumet.
   897 | D:2      | Found a glowing golden altar of the Shining One.
   942 | D:2      | Reached skill level 4 in Shields
   946 | D:2      | HP: 7/30 [poisoned by an adder]
   951 | D:2      | HP: 5/30 [poisoned by an adder]
   956 | D:2      | HP: 4/30 [poisoned by an adder]
   964 | D:2      | HP: 2/30 [poisoned by an adder]
  1262 | D:2      | Found a blossoming altar of Fedhas.
  1359 | D:2      | Reached XP level 4. HP: 35/37 MP: 4/4
  1417 | D:2      | Reached skill level 4 in Fighting
  2130 | D:3      | Noticed Grinder
  2152 | D:2      | Reached skill level 4 in Armour
  2270 | D:3      | Reached XP level 5. HP: 29/42 MP: 5/5
  2449 | D:3      | HP: 10/43 [poisoned by a kobold]
  2450 | D:3      | Killed Grinder
  2450 | D:3      | Reached skill level 3 in Axes
  2450 | D:3      | Reached skill level 5 in Armour
  2450 | D:3      | Reached skill level 5 in Shields
  2450 | D:3      | Reached XP level 6. HP: 9/50 MP: 6/6
  2456 | D:3      | HP: 9/50 [poisoned by a kobold]
  2464 | D:3      | HP: 8/50 [poisoned by a kobold]
  2883 | D:3      | Found a bloodstained altar of Trog.
  2915 | D:3      | Found a runed door.
  2957 | D:3      | Reached XP level 7. HP: 55/55 MP: 7/7
  3046 | D:3      | Reached skill level 5 in Fighting
  3345 | D:3      | Noticed Crazy Yiuf
  3354 | D:3      | Killed Crazy Yiuf
  3731 | D:4      | Noticed Placid's ghost (novice HOWr)
  3767 | D:4      | Killed Placid's ghost
  3767 | D:4      | Reached skill level 4 in Axes
  3767 | D:4      | Reached skill level 6 in Shields
  3767 | D:4      | Reached XP level 8. HP: 48/64 MP: 8/8
  3961 | D:4      | Reached skill level 6 in Armour
  3966 | D:4      | Reached skill level 6 in Fighting
  4107 | D:4      | HP: 16/64 [orc warrior/scimitar (20)]
  4109 | D:4      | HP: 4/64 [orc warrior/scimitar (13)]
  4114 | D:4      | Slain by an orc warrior

Skill      XL: |  1  2  3  4  5  6  7  8 |
---------------+-------------------------+-----
Shields        | 4 5 6 |  6.5
Fighting       | 4 5 6 |  6.0
Armour         | 4 5 6 |  6.1
Axes           | 3 4 |  4.7

Action                   |  1- 3 |  4- 6 |  7- 9 || total
-------------------------+-------+-------+-------++-------
Melee: War axe           |    97 |    94 |   115 ||   306
Evoke: Wand              |       |       |     1 ||     1
  Use: Potion            |       |     2 |     1 ||     3
       Scroll            |       |       |     3 ||     3
  Eat: Chunk             |     2 |     3 |     4 ||     9
       Pizza             |       |     1 |       ||     1
Armor: Scale mail        |    42 |    22 |       ||    64
       Chain mail        |       |    26 |    68 ||    94
Dodge: Dodged            |    33 |    39 |    26 ||    98
Block: Shield            |    59 |    40 |    73 ||   172

Vault maps used:
D:1:      ldierk_water_garden, minmay_octomino_e4
D:2:      fedhas_altar_fruit_tree, vehumet_crystals,
          nicolae_tso_carved_into_rock, grunt_decor_resistance
D:3:      minmay_wonky_spiral, first_bread, trog_book, uniq_crazy_yiuf_cottage,
          uniq_grinder
D:4:      uniq_duvessa

Table legend:
 A = Turns spent in this place as a percentage of turns spent in the entire game.
 B = Non-inter-level travel turns spent in this place as a percentage of non-inter-level travel turns spent in the entire game.
 C = Inter-level travel turns spent in this place as a percentage of turns spent in this place.
 D = Turns resting spent in this place as a percentage of non-inter-level travel turns spent in this place.
 E = Turns spent auto-exploring this place as a percentage of non-inter-level travel turns spent in this place.
 F = Non-inter-level travel turns spent in this place divided by the number of levels of this place that you've seen.
                   A       B       C       D       E      F
               +-------+-------+-------+-------+-------+----------------------
         Total | 100.0 | 100.0 |   0.7 |   4.8 |  13.2 | 219.5
       Dungeon | 100.0 | 100.0 |   0.7 |   4.8 |  13.2 | 219.5
               +-------+-------+-------+-------+-------+----------------------

Table legend:
 A = Kills in this place as a percentage of kills in entire the game.
 B = Kills by you in this place as a percentage of kills by you in the entire game.
 C = Kills by friends in this place as a percentage of kills by friends in the entire game.
 D = Other kills in this place as a percentage of other kills in the entire game.
 E = Experience gained in this place as a percentage of experience gained in the entire game.
 F = Experience gained in this place divided by the number of levels of this place that you have seen.
                   A       B       C       D       E      F
               +-------+-------+-------+-------+-------+----------------------
         Total | 100.0 | 100.0 |  -nan |  -nan | 100.0 | 349.8
       Dungeon | 100.0 | 100.0 |  -nan |  -nan | 100.0 | 349.8
               +-------+-------+-------+-------+-------+----------------------
